 Dungeon Crawl Stone Soup version 0.32-a0-86-g8db1b9f803 (webtiles) character file.

Game seed: 17965391449745262090

2131 Newt the Nimble (level 9, -3/51 (67) HPs)
             Began as a Merfolk Gladiator on Feb 5, 2024.
             Was a Follower of Hepliaklqana.
             Killed by divine providence
             ... invoked by Jeremiah
              (14 damage)
             ... on level 7 of the Dungeon.
             The game lasted 00:08:30 (7302 turns).

Newt the Nimble (Merfolk Gladiator)                 Turns: 7302, Time: 00:08:31

HP:   -3/51 (67)    AC:  8    Str: 17    XL:     9   Next: 30%
MP:   9/9           EV: 18    Int:  9    God:    Hepliaklqana [*.....]
Gold: 183           SH:  0    Dex: 15    Spells: 8/8 levels left

rFire   . . .        a - +1 trident
rCold   . . .        (no shield)
rNeg    . . .        b - +0 leather armour
rPois   .            c - +0 helmet
rElec   .            (no cloak)
rCorr   .            (no gloves)
SInv    .            (no boots)
Will    .....        j - amulet of faith
Stlth   +            t - +4 ring of protection
HPRegen 0.28/turn    (no ring)
MPRegen 0.11/turn

%: faith
@: studying Dodging, heavily drained
A: reduced essence, (nimble swimmer 2), mertail
a: Renounce Religion, Recall Ancestor, Ancestor Identity


You were on level 7 of the Dungeon.
You worshipped Hepliaklqana.
Hepliaklqana was aware of your devotion.
You visited 2 branches of the dungeon, and saw 8 of its levels.

You collected 333 gold pieces.
You spent 150 gold pieces at shops.

Inventory:

Hand Weapons
 a - a +1 trident (weapon)
Missiles
 e - 5 javelins
Armour
 b - a +0 leather armour (worn)
 c - a +0 helmet (worn)
Jewellery
 j - an amulet of faith (around neck)
 t - a +4 ring of protection (left hand)
Wands
 u - a wand of flame (17)
Scrolls
 g - 4 scrolls of immolation
 i - a scroll of enchant armour
 k - a scroll of blinking
 l - a scroll of vulnerability
 q - 3 scrolls of teleportation
Potions
 f - a potion of mutation
 h - 4 potions of curing
 m - 3 potions of enlightenment
 n - a potion of attraction
 p - a potion of lignification


   Skills:
 + Level 8.3 Fighting
 * Level 9.2 Polearms
 - Level 2.0 Throwing
 - Level 13.0 Dodging


You had 8 spell levels left.
You didn't know any spells.
Your spell library contained the following spells:

 Spells                   Type           Power      Damage    Failure   Level
 Apportation              Tloc           0%         N/A       45%         1
 Magic Dart               Conj           0%         1d3       45%         1
 Necrotise                Necr           0%         1d4       45%         1
 Slow                     Hex            0%         N/A       45%         1
 Sting                    Conj/Alch      0%         1d3       45%         1
 Summon Small Mammal      Summ           0%         N/A       45%         1
 Ensorcelled Hibernation  Hex/Ice        0%         N/A       58%         2
 Searing Ray              Conj           0%         2d4       58%         2
 Confusing Touch          Hex            0%         N/A       83%         3
 Fugue of the Fallen      Necr           0%         N/A       83%         3
 Sigil of Binding         Hex            0%         N/A       83%         3
 Vampiric Draining        Necr           0%         2d6       83%         3
 Anguish                  Hex/Necr       0%         N/A       99%         4
 Fulminant Prism          Conj/Alch      0%         3d5       99%         4


Dungeon Overview and Level Annotations

Branches:
Dungeon (7/15)             Temple (1/1) D:4

Altars:
Cheibriados
Dithmenos
Elyvilon
Fedhas
Gozag
Hepliaklqana
Kikubaaqudgha
Makhleb
Nemelex Xobeh
Qazlal
Ru
Sif Muna
Trog
Wu Jian
Yredelemnul
Zin

Shops:
D:4 !

Annotations:
D:7 Jeremiah


Innate Abilities, Weirdness & Mutations

Your life essence is reduced to manifest your ancestor. (-10% HP)
((You are very nimble when in or above water. (Stealth+, EV+, Speed+++)))
Your lower body shifts to a powerful aquatic tail in water.


Message History

Aim: Jeremiah, wielding a +2 trident of draining, wearing a +0 robe and wearing an orb of mayhem (severely wounded, not watching you, poisoned, ally target, about 39% to evade your +1 trident)
You reach to attack!
You barely miss Jeremiah.
Jeremiah is severely wounded.
The butterfly disappears in a burst of colours!
Jeremiah hits you from afar with a +2 trident of draining.
You feel drained.
* * * LOW HITPOINT WARNING * * *
Bojana hits Jeremiah.
Reach: a) +1 trident
Press: ? - help, Dir - move target, f/p - Jeremiah
Aim: Jeremiah, wielding a +2 trident of draining, wearing a +0 robe and wearing an orb of mayhem (severely wounded, not watching you, poisoned, ally target, about 39% to evade your +1 trident)
You reach to attack!
You miss Jeremiah.
Jeremiah is severely wounded.
The butterfly disappears in a burst of colours! x2
Jeremiah barely misses you.
Reach: a) +1 trident
Press: ? - help, Dir - move target, f/p - Jeremiah
Aim: Jeremiah, wielding a +2 trident of draining, wearing a +0 robe and wearing an orb of mayhem (almost dead, poisoned, ally target, about 39% to evade your +1 trident)
You reach to attack!
You hit Jeremiah but do no damage.
Jeremiah is almost dead.
Bojana completely misses Jeremiah.
Jeremiah cries, "Fearful master, protect me!"
Something smites you!
* * * LOW HITPOINT WARNING * * *
You feel better.
The butterfly disappears in a burst of colours!
Bojana hits Jeremiah.
Jeremiah hops!
You closely miss the butterfly.
The butterfly disappears in a burst of colours! x3
Bojana completely misses the butterfly.
Jeremiah hops!
You barely miss Jeremiah.
Jeremiah is almost dead.
Jeremiah looks more healthy.
The butterfly disappears in a burst of colours! x2
Bojana barely misses Jeremiah.
Jeremiah throws their arms up pleadingly.
Something smites you!
You die...
Jeremiah wails, "I didn't mean to kill anyone!
I'm not a murderer!"
Hepliaklqana delivers you to your ancestors.

#. #.## ###.#$. .#
#.....# .# #......
.# #..b..####.#
########bb.<#.######
#./........>........
#....bbbbR@.b.....#
#...°..b.bFb...####
#....###b...b(.#
#....#_#.b....(# ###
#~~~#b.....#
#~b~≈~......#
#~≈.≈~b.....#
#~≈≈≈~......#
#.~~~.......#


You could see the friendly Bojana the ancestor and Jeremiah (ally target).

Vanquished Creatures
  Eustachio (D:4)
  Duvessa (D:6)
  A water moccasin (D:6)
  2 black bears (D:5)
  2 ice beasts (D:6)
  A centaur (D:5)
  3 phantoms
  A scorpion (D:5)
  Dowan (D:6)
  A howler monkey (D:6)
  A bombardier beetle (D:5)
  2 hounds
  3 orc priests
  4 iguanas (D:5)
  3 orc wizards
  3 gnolls (D:4)
  6 adders
  2 white imps (D:6)
  4 ufetubi
  3 dart slugs
  3 ribbon worms
  23 orcs
  5 ball pythons
  6 bats
  8 endoplasms
  A giant cockroach (D:4)
  9 goblins
  7 hobgoblins
  15 kobolds
  3 quokkas
  4 frilled lizards
  A rat (D:2)
130 creatures vanquished.

Vanquished Creatures (collateral kills)
  An orc warrior (D:6)
  A black bear (D:6)
  An ogre (D:6)
  A kobold brigand (D:6)
  An orc priest (D:6)
  5 orcs (D:6)
  A kobold (D:6)
11 creatures vanquished.

Vanquished Creatures (others)
  2 ancestors (D:6)
2 creatures vanquished.

Grand Total: 143 creatures vanquished

Notes
Turn   | Place    | Note
-------+----------+-------------------------------------------
     0 | D:1      | Newt the Merfolk Gladiator began the quest for the Orb.
     0 | D:1      | Reached XP level 1. HP: 16/16 MP: 1/1
   119 | D:1      | Reached XP level 2. HP: 23/23 MP: 2/2
   454 | D:1      | Reached XP level 3. HP: 27/29 MP: 3/3
  1004 | D:2      | Reached skill level 5 in Polearms
  1620 | D:2      | Reached XP level 4. HP: 32/36 MP: 4/4
  2781 | D:4      | Reached XP level 5. HP: 42/42 MP: 5/5
  2936 | D:4      | Found a glowing silver altar of Zin.
  3476 | D:4      | Reached XP level 6. HP: 26/50 MP: 6/6
  3566 | D:4      | Reached skill level 5 in Fighting
  3566 | D:4      | Reached skill level 5 in Dodging
  3632 | D:4      | Found Epsazusk's Distillery.
  3637 | D:4      | Bought 2 potions of curing for 60 gold pieces
  3637 | D:4      | Bought a potion of heal wounds for 50 gold pieces
  3637 | D:4      | Bought a potion of might for 40 gold pieces
  3642 | D:4      | Identified a scroll of acquirement
  3642 | D:4      | Acquired a manual of Dodging
  4108 | D:4      | Noticed Eustachio
  4140 | D:4      | Killed Eustachio
  4141 | D:4      | Reached skill level 7 in Dodging
  4141 | D:4      | Reached XP level 7. HP: 37/56 MP: 7/7
  4319 | D:4      | Found a staircase to the Ecumenical Temple.
  4326 | Temple   | Entered the Ecumenical Temple
  4336 | Temple   | Became a worshipper of Hepliaklqana the Forgotten
  4507 | D:5      | Entered Level 5 of the Dungeon
  4522 | D:5      | Reached skill level 8 in Dodging
  4532 | D:5      | Reached skill level 9 in Dodging
  4849 | D:5      | Found an opulent altar of Gozag.
  4989 | D:5      | Reached skill level 10 in Dodging
  4993 | D:5      | Reached XP level 8. HP: 36/65 MP: 8/8
  5169 | D:5      | Reached skill level 11 in Dodging
  5368 | D:5      | Found a sacrificial altar of Ru.
  5462 | D:6      | Noticed Dowan
  5462 | D:6      | Noticed Duvessa
  5499 | D:6      | Killed Duvessa
  5500 | D:6      | Reached skill level 12 in Dodging
  5506 | D:6      | Killed Dowan
  5708 | D:6      | Found a blossoming altar of Fedhas.
  5745 | D:6      | Reached skill level 13 in Dodging
  5861 | D:6      | Reached * piety under Hepliaklqana
  6191 | D:6      | Reached XP level 9. HP: 66/66 MP: 9/9
  7258 | D:7      | Noticed Jeremiah
  7260 | D:7      | Found a snail-covered altar of Cheibriados.
  7299 | D:7      | HP: 2/51 [Jeremiah/divine providence (14)]
  7302 | D:7      | Killed from afar by Jeremiah

Illustrated notes

Levels and vault maps discovered:
D:1:      eino_arrival_cavern_a, layout_loops_ring,
          chequers_serial_rivers_micro_b
D:2:      layout_loops_ring, grunt_ministairs_9
D:3:      layout_basic
D:4:      layout_loops_ring, mainiacjoe_overflow_tiny_flanked,
          minmay_temple_entry_enclosed_plants, serial_shops,
          nicolae_shop_real_fake_doors, grunt_decor_fettered, item_on_display_a,
          uniq_eustachio
D:5:      layout_rooms, nicolae_overflow_hidden_temple,
          lemuel_coloured_pillars_altar
D:6:      layout_basic, overflow_temple_1_default, uniq_duvessa
D:7:      hellmonk_crumbling_castle, layout_basic, kennysheep_slug_shrine,
          enter_bailey_6, uniq_jeremiah, uniq_pikel
Temple:   minmay_freezing_vapour_temple

Skill      XL: |  1  2  3  4  5  6  7  8  9 |
---------------+----------------------------+-----
Fighting       | 3 4 5 6 7 8 |  8.3
Polearms       | 5 6 7 9 |  9.2
Dodging        | 7 10 13 | 13.0
Throwing       | |  2.0

Action                     |  1- 3 |  4- 6 |  7- 9 || total
---------------------------+-------+-------+-------++-------
  Melee: Trident           |   134 |   177 |   273 ||   584
         Punch             |     5 |     8 |    16 ||    29
         Tailslap          |       |       |     1 ||     1
  Throw: Throwing net      |       |     1 |     6 ||     7
         Javelin           |       |       |     1 ||     1
         Dart              |       |       |     8 ||     8
    Use: Scroll            |       |     9 |     6 ||    15
         Potion            |       |       |     5 ||     5
   Stab: Sleeping          |     1 |     1 |     2 ||     4
         Held in net/web   |       |       |     2 ||     2
         Distracted        |       |       |     1 ||     1
 Armour: Leather armour    |    41 |    83 |   111 ||   235
         Skin              |       |       |    18 ||    18
  Dodge: Dodged            |    72 |   106 |   193 ||   371

Table legend: (Time is in decaauts)
 A = Elapsed time spent in this place.
 B = Non-inter-level travel time spent in this place.
 C = Inter-level travel time spent in this place.
 D = Time resting spent in this place.
 E = Time spent auto-exploring this place.
 F = Levels seen in this place.
 G = Mean time per level.
                   A        B        C        D        E       F      G
               +--------+--------+--------+--------+--------+-----+--------+
         Total |   7297 |   7105 |    192 |   1866 |   4094 |   8 |  912.1 |
       Dungeon |   7281 |   7094 |    187 |   1866 |   4094 |   7 | 1040.1 |
        Temple |     15 |     10 |      5 |      0 |      0 |   1 |   15.0 |
               +--------+--------+--------+--------+--------+-----+--------+

Top non-repeatable levels by time:
     D:6: 1647 daAuts
     D:4: 1492 daAuts
     D:3: 1410 daAuts
     D:5: 938 daAuts
     D:1: 844 daAuts
     D:2: 755 daAuts
     D:7: 193 daAuts
  Temple: 15 daAuts
